 Dungeon Crawl Stone Soup version 0.30-a0-585-g93115170b9 (webtiles) character file.

Game seed: 1313477923928826044

23 PyroL the Insei (level 2, 0/18 HPs)
             Began as an Octopode Transmuter on Jan 2, 2023.
             Constricted to death by a ball python (1 damage)
             ... on level 2 of the Dungeon.
             The game lasted 00:01:39 (881 turns).

PyroL the Insei (Octopode Transmuter)                Turns: 881, Time: 00:01:40

Health: 0/18       AC:  1    Str:  9    XL:     2   Next: 95%
Magic:  5/5        EV: 15    Int: 15    God:
Gold:   53         SH:  0    Dex: 12    Spells: 2/5 levels left

rFire   . . .      SeeInvis .      - Unarmed
rCold   . . .      Faith    .    (no shield)
rNeg    . . .      Spirit   .    (helmet currently unavailable)
rPois   .          Reflect  .    i - amulet of regeneration
rElec   .          Harm     .    k - +5 ring of evasion
rCorr   .          Rampage  .    (no ring)
Will    .....                    (no ring)
Stlth   ++                       (no ring)
HPRegen 1.03/turn                (no ring)
MPRegen 0.09/turn                (no ring)
                                 (no ring)
                                 (no ring)

@: lethally poisoned (0 -> -1), appendages (expiring), constricted
A: tentacle spike 3, almost no armour, amphibious, 8 rings, camouflage 1,
gelatinous body 1, (nimble swimmer 1), tentacles
a: End Transformation


You were on level 2 of the Dungeon.
One of your tentacles had grown a beastly spike.
You visited 1 branch of the dungeon, and saw 2 of its levels.

You collected 53 gold pieces.

Inventory:

Missiles
 d - 3 datura-tipped darts
Jewellery
 i - an amulet of regeneration (around mantle)
 k - a +5 ring of evasion (left tentacle)
Scrolls
 c - 2 scrolls of fear {unknown}
 e - a scroll of noise {unknown}
 f - a scroll of vulnerability {unknown}
Potions
 a - a potion of lignification
 b - a potion of mutation {unknown}
 g - 2 potions of invisibility {unknown}
 h - a potion of curing {unknown}
 j - a potion of might {unknown}


   Skills:
 - Level 1.0 Fighting
 - Level 2.0 Dodging
 - Level 3.0 Unarmed Combat
 - Level 2.0 Spellcasting
 + Level 2.7 Transmutations
 + Level 2.0 Poison Magic


You had 2 spell levels left.
You knew the following spells:

 Your Spells              Type           Power      Damage    Failure   Level
a - Beastly Appendage     Tmut           18%        N/A       7%          1
b - Wereblood             Tmut           9%         N/A       11%         2

Your spell library contained the following spells:

 Spells                   Type           Power      Damage    Failure   Level
 Slow                     Hex            4%         N/A       22%         1
 Spider Form              Tmut/Pois      8%         N/A       26%         3
 Confusing Touch          Hex            1%         N/A       54%         3
 Vampiric Draining        Necr           1%         2d6       54%         3
 Ice Form                 Ice/Tmut       5%         N/A       77%         4


Dungeon Overview and Level Annotations

Branches:
Dungeon (2/15)

Altars:


Innate Abilities, Weirdness & Mutations

One of your tentacles has grown a beastly spike.
You cannot wear most types of armour.
You are amphibious.
You can wear up to eight rings at the same time.
Your skin changes colour to match your surroundings (Stealth+).
Your rubbery body absorbs attacks. (AC +1, EV +1)
((You are camouflaged when in or above water. (Stealth+)))
You have tentacles for arms and can constrict up to eight enemies at once.


Message History

The ball python moves out of view.
You barely miss the giant cockroach.
The endoplasm quivers.
You grab the giant cockroach. You tentacle-slap the giant cockroach.
The giant cockroach is heavily wounded.
You constrict the giant cockroach. The giant cockroach misses you.
You tentacle-slap the giant cockroach but do no damage.
You pierce the giant cockroach.
You kill the giant cockroach!
Your transformation is almost over.
You closely miss the adder. Your grab misses the adder. You squeeze the adder!
The adder is severely wounded.
The kobold hits you with a +3 short sword.
The adder bites you.
You miss the adder. Your grab misses the adder.
You pierce the adder.
Your squeeze misses the adder.
The adder is almost dead.
The adder misses you. The ball python bites you. The ball python misses you.
The kobold completely misses you. The kobold barely misses you.
You tentacle-slap the adder but do no damage.
Your grab misses the adder.
The adder is almost dead.
The adder barely misses you. The ball python closely misses you.
The ball python grabs you. The ball python constricts you.
The kobold hits you with a +3 short sword.
* * * LOW HITPOINT WARNING * * *
The kobold barely misses you. The adder barely misses you.
You are too injured to fight recklessly!
You are too injured to fight recklessly!
The ball python's grasp on you weakens, but your attempt to escape fails.
The ball python misses you. The ball python constricts you.
* * * LOW HITPOINT WARNING * * *
The kobold hits you with a +3 short sword.
* * * LOW HITPOINT WARNING * * *
The kobold hits you but does no damage. The adder bites you.
* * * LOW HITPOINT WARNING * * *
You are lethally poisoned!
The adder poisons you! The ball python misses you.
The ball python constricts you.
You die...

#########
........####### .
............... ..
#######.####### .#
#.# ..# #.#
####...#.
#.########.K......
#.........@SJ.....
##########KS.....#
#.......#
#..$....#
#.......#
#.......#
#########


You could see an adder, an endoplasm, a ball python and 2 kobolds.

Vanquished Creatures
  A bat (D:1)
  An endoplasm (D:1)
  A giant cockroach (D:2)
  6 goblins
  A hobgoblin (D:2)
  3 quokkas
  3 ball pythons (D:1)
  A kobold (D:1)
  2 rats
19 creatures vanquished.

Notes
Turn   | Place    | Note
-------+----------+-------------------------------------------
     0 | D:1      | PyroL the Octopode Transmuter began the quest for the Orb.
     0 | D:1      | Reached XP level 1. HP: 13/13 MP: 3/3
   155 | D:1      | Reached skill level 1 in Poison Magic
   186 | D:1      | Reached XP level 2. HP: 10/18 MP: 1/5
   193 | D:1      | Learned a level 2 spell: Wereblood
   881 | D:2      | Constricted to death by a ball python

Illustrated notes

Levels and vault maps discovered:
D:1:      amcnicky_arrival_feature_with_door, layout_basic, minmay_statues_item,
          minmay_liquid_box
D:2:      layout_basic, basic_altar

Skill      XL: |  1  2 |
---------------+-------+-----
Poison Magic   | 1 2 |  2.0
Fighting       | |  1.0
Dodging        | |  2.0
Unarmed Combat | |  3.0
Spellcasting   | |  2.0
Transmutations | |  2.7

Action                   || total
-------------------------++-------
Melee: Unarmed           ||    43
       Constrict         ||    10
       Kick              ||    12
       Tentacles         ||     4
       Punch             ||     1
 Cast: Beastly Appendage ||    13
 Stab: Sleeping          ||     1
Armor: Skin              ||     5
Dodge: Dodged            ||    39

Table legend: (Time is in decaauts)
 A = Elapsed time spent in this place.
 B = Non-inter-level travel time spent in this place.
 C = Inter-level travel time spent in this place.
 D = Time resting spent in this place.
 E = Time spent auto-exploring this place.
 F = Levels seen in this place.
 G = Mean time per level.
                   A        B        C        D        E       F      G
               +--------+--------+--------+--------+--------+-----+--------+
         Total |    877 |    812 |     65 |     26 |    603 |   2 |  438.5 |
       Dungeon |    877 |    812 |     65 |     26 |    603 |   2 |  438.5 |
               +--------+--------+--------+--------+--------+-----+--------+

Top non-repeatable levels by time:
     D:1: 641 daAuts
     D:2: 236 daAuts
